3R
MAINE SEA DOGS @ GERMANTOWN URUGUAYANS
07/25/2042
 
TOP OF THE 1ST
Maine Sea Dogs batting - Pitching for Germantown Uruguayans : RHP Jung-kyoo So
Pitching: RHP Jung-kyoo So
Batting: LHB Bill Fisher 0-0: Ball
1-0: Swinging Strike
1-1: Foul Ball, location: 2F
1-2: Ball
2-2: Ball
3-2: Foul Ball, location: 2F
3-2: Ground out 4-3 (Groundball, 4, EV 90.6 MPH)
Batting: RHB Yong-oon P'i 0-0: Ball
1-0: Called Strike
1-1: Ground out 6-3 (Groundball, 6S, EV 83.1 MPH)
Batting: SHB Cristóbal Calzacorta 0-0: SINGLE (Line Drive, 6D, EV 103.1 MPH)
Batting: LHB Héctor Ancelno 0-0: Ball
1-0: Ball
2-0: Called Strike
2-1: SINGLE (Groundball, 3D, EV 111.2 MPH)
Cristóbal Calzacorta to second
Runner from 2nd tries for 3rd, SAFE, no throw by RF
Batting: RHB Joe Fuller 0-0: Swinging Strike
0-1: Ball
1-1: Foul Ball, location: 2F
1-2: Fly out, F9 (Flyball, 89M, EV 97.5 MPH)
Top of the 1st over - 0 runs, 2 hits, 0 errors, 2 left on base; Maine 0 - Germantown 0
BOTTOM OF THE 1ST
Germantown Uruguayans batting - Pitching for Maine Sea Dogs : LHP Pabiyan Ajiganoff
Pitching: LHP Pabiyan Ajiganoff
Batting: RHB Halewijn Kraan 0-0: Ball
1-0: Ball
2-0: Foul Ball, location: 2F
2-1: Ball
3-1: Base on Balls
Batting: RHB Job Wooddisse 0-0: Ball
Halewijn Kraan is caught stealing 2nd base 2-4
1-0: Ball
2-0: Foul Ball, location: 2F
2-1: Foul Ball, location: 2F
2-2: Strikes out swinging
Batting: LHB Enreecko-Edilberto Bibilone 0-0: Ball
1-0: Swinging Strike
1-1: Ball
2-1: Ball
3-1: SINGLE (Groundball, 34, EV 80.6 MPH) (infield hit)
Batting: RHB Pepe Rodríguez 0-0: DOUBLE (Line Drive, 9LS, EV 99.4 MPH)
Enreecko-Edilberto Bibilone to third
Runner from 3rd tries for Home, SAFE, no throw by RF
Batting: SHB Teddy York 0-0: Ball
1-0: Called Strike
1-1: Ground out 4-3 (Groundball, 4, EV 103.8 MPH)
Bottom of the 1st over - 1 run, 2 hits, 0 errors, 1 left on base; Maine 0 - Germantown 1
TOP OF THE 2ND
Maine Sea Dogs batting - Pitching for Germantown Uruguayans : RHP Jung-kyoo So
Batting: SHB José Santos 0-0: Ball
1-0: Fly out, F7 (Flyball, 78M, EV 85.6 MPH)
Batting: RHB Rutger McGroarty 0-0: Foul Ball, location: 2F
0-1: Fly out, F9 (Flyball, 9S, EV 80.0 MPH)
Batting: RHB Javier Carrodeguas 0-0: Called Strike
0-1: Ball
1-1: Ball
2-1: Foul Ball, location: 2F
2-2: Strikes out swinging
Top of the 2nd over - 0 runs, 0 hits, 0 errors, 0 left on base; Maine 0 - Germantown 1
BOTTOM OF THE 2ND
Germantown Uruguayans batting - Pitching for Maine Sea Dogs : LHP Pabiyan Ajiganoff
Batting: RHB Frank Mallam 0-0: Ball
1-0: Called Strike
1-1: Called Strike
1-2: Fly out, F7 (Flyball, 7LM, EV 87.5 MPH)
Batting: LHB Bill Ware 0-0: Ground out 4-3 (Groundball, 4, EV 102.5 MPH)
Batting: RHB Santiago Harmon 0-0: Foul Ball, location: 2F
0-1: Ball
1-1: Swinging Strike
1-2: Strikes out swinging
Bottom of the 2nd over - 0 runs, 0 hits, 0 errors, 0 left on base; Maine 0 - Germantown 1
TOP OF THE 3RD
Maine Sea Dogs batting - Pitching for Germantown Uruguayans : RHP Jung-kyoo So
Batting: RHB José Arizandieta 0-0: Called Strike
0-1: Swinging Strike
0-2: Ball
1-2: Strikes out swinging
Batting: LHB Bill Fisher 0-0: Ground out U3 (Groundball, 3L, EV 85.6 MPH)
Batting: RHB Yong-oon P'i 0-0: Ball
1-0: Ground out U3 (Groundball, 34, EV 80.6 MPH)
Top of the 3rd over - 0 runs, 0 hits, 0 errors, 0 left on base; Maine 0 - Germantown 1
BOTTOM OF THE 3RD
Germantown Uruguayans batting - Pitching for Maine Sea Dogs : LHP Pabiyan Ajiganoff
Batting: LHB Pedro Ortíz 0-0: Ball
1-0: Foul Ball, location: 2F
1-1: Ball
2-1: Fly out, F8 (Flyball, 8LM, EV 88.8 MPH)
Batting: RHB Halewijn Kraan 0-0: Foul Ball, location: 2F
0-1: DOUBLE (Line Drive, 3D, EV 100.6 MPH)
Batting: RHB Job Wooddisse 0-0: Ground out 6-3 (Groundball, 6, EV 86.9 MPH)
Halewijn Kraan to third
Batting: LHB Enreecko-Edilberto Bibilone 0-0: Swinging Strike
0-1: Swinging Strike
0-2: Strikes out looking
Bottom of the 3rd over - 0 runs, 1 hit, 0 errors, 1 left on base; Maine 0 - Germantown 1
TOP OF THE 4TH
Maine Sea Dogs batting - Pitching for Germantown Uruguayans : RHP Jung-kyoo So
Batting: SHB Cristóbal Calzacorta 0-0: Called Strike
0-1: Ball
1-1: Ball
2-1: Ball
3-1: Foul Ball, location: 2F
3-2: Foul Ball, location: 2F
3-2: Foul Ball, location: 2F
3-2: Ground out U3 (Groundball, 3S, EV 86.2 MPH)
Batting: LHB Héctor Ancelno 0-0: Called Strike
0-1: Swinging Strike
0-2: Ball
1-2: Strikes out swinging
Batting: RHB Joe Fuller 0-0: Ball
1-0: Ball
2-0: Called Strike
2-1: Called Strike
2-2: Strikes out swinging
Top of the 4th over - 0 runs, 0 hits, 0 errors, 0 left on base; Maine 0 - Germantown 1
BOTTOM OF THE 4TH
Germantown Uruguayans batting - Pitching for Maine Sea Dogs : LHP Pabiyan Ajiganoff
Batting: RHB Pepe Rodríguez 0-0: Foul Ball, location: 2F
0-1: Swinging Strike
0-2: Foul Ball, location: 2F
0-2: Ball
1-2: Ball
2-2: Reached via error on a dropped throw from SS, E3 (Groundball, 6, EV 80.0 MPH)
Batting: SHB Teddy York 0-0: Ball
1-0: Foul Ball, location: 2F
1-1: Ball
2-1: Fielders Choice at 2nd, 4-6 (Groundball, 4, EV 85.0 MPH)
Batting: RHB Frank Mallam 0-0: Ball
1-0: Ball
2-0: Called Strike
2-1: Grounds into double play, 4-6-3 (Groundball, 4, EV 86.9 MPH)
Bottom of the 4th over - 0 runs, 0 hits, 1 error, 0 left on base; Maine 0 - Germantown 1
TOP OF THE 5TH
Maine Sea Dogs batting - Pitching for Germantown Uruguayans : RHP Jung-kyoo So
Batting: SHB José Santos 0-0: Called Strike
0-1: Fly out, F4 (Popup, 4, EV 60.6 MPH)
Batting: RHB Rutger McGroarty 0-0: Called Strike
0-1: Fly out, F8 (Flyball, 8RXD, EV 92.5 MPH)
Batting: RHB Javier Carrodeguas 0-0: Foul Ball, location: 2F
0-1: Ball
1-1: Fly out, F9 (Flyball, 9, EV 85.6 MPH)
Top of the 5th over - 0 runs, 0 hits, 0 errors, 0 left on base; Maine 0 - Germantown 1
BOTTOM OF THE 5TH
Germantown Uruguayans batting - Pitching for Maine Sea Dogs : LHP Pabiyan Ajiganoff
Batting: LHB Bill Ware 0-0: Ball
1-0: Foul Ball, location: 2F
1-1: Called Strike
1-2: Strikes out swinging
Batting: RHB Santiago Harmon 0-0: Called Strike
0-1: Ground out 4-3 (Groundball, 4, EV 103.1 MPH)
Batting: LHB Pedro Ortíz 0-0: Called Strike
0-1: Ball
1-1: Foul Ball, location: 2F
1-2: Strikes out swinging
Bottom of the 5th over - 0 runs, 0 hits, 0 errors, 0 left on base; Maine 0 - Germantown 1
TOP OF THE 6TH
Maine Sea Dogs batting - Pitching for Germantown Uruguayans : RHP Jung-kyoo So
Batting: RHB José Arizandieta 0-0: Ground out 4-3 (Groundball, 4, EV 81.2 MPH)
Batting: LHB Bill Fisher 0-0: Called Strike
0-1: Foul Ball, location: 2F
0-2: Foul Ball, location: 2F
0-2: SINGLE (Line Drive, 4D, EV 95.0 MPH)
Batting: RHB Yong-oon P'i 0-0: Ball
1-0: Grounds into double play, 4-6-3 (Groundball, 4, EV 84.4 MPH)
Top of the 6th over - 0 runs, 1 hit, 0 errors, 0 left on base; Maine 0 - Germantown 1
BOTTOM OF THE 6TH
Germantown Uruguayans batting - Pitching for Maine Sea Dogs : LHP Pabiyan Ajiganoff
Batting: RHB Halewijn Kraan 0-0: Swinging Strike
0-1: Ground out 1-3 (Groundball, 15S, EV 72.5 MPH)
Batting: RHB Job Wooddisse 0-0: Fly out, F7 (Flyball, 7LS, EV 73.8 MPH)
Batting: LHB Enreecko-Edilberto Bibilone 0-0: Called Strike
0-1: Ball
1-1: Foul Ball, location: 2F
1-2: Foul Ball, location: 2F
1-2: SINGLE (Flyball, 89S, EV 95.6 MPH)
Batting: RHB Pepe Rodríguez 0-0: Ball
1-0: Foul Ball, location: 2F
1-1: Ball
2-1: Foul Ball, location: 2F
2-2: Strikes out swinging
Bottom of the 6th over - 0 runs, 1 hit, 0 errors, 1 left on base; Maine 0 - Germantown 1
TOP OF THE 7TH
Maine Sea Dogs batting - Pitching for Germantown Uruguayans : RHP Jung-kyoo So
Batting: SHB Cristóbal Calzacorta 0-0: Ball
1-0: Ball
2-0: Fly out, F9 (Flyball, 9S, EV 86.2 MPH)
Batting: LHB Héctor Ancelno 0-0: Ball
1-0: SINGLE (Groundball, 4D, EV 108.1 MPH)
Batting: RHB Joe Fuller 0-0: Swinging Strike
0-1: Foul Ball, location: 2F
0-2: Ball
1-2: Ball
2-2: Foul Ball, location: 2F
2-2: Fly out, F7 (Flyball, 78S, EV 83.1 MPH)
Batting: SHB José Santos 0-0: Called Strike
0-1: Ball
1-1: SINGLE (Line Drive, 89M, EV 101.2 MPH)
Héctor Ancelno to second
Batting: RHB Rutger McGroarty 0-0: Fly out, F7 (Flyball, 7S, EV 88.1 MPH)
Top of the 7th over - 0 runs, 2 hits, 0 errors, 2 left on base; Maine 0 - Germantown 1
BOTTOM OF THE 7TH
Germantown Uruguayans batting - Pitching for Maine Sea Dogs : LHP Pabiyan Ajiganoff
Batting: SHB Teddy York 0-0: Ball
1-0: Called Strike
1-1: Swinging Strike
1-2: Ball
2-2: Foul Ball, location: 2F
2-2: Strikes out swinging
Batting: RHB Frank Mallam 0-0: Called Strike
0-1: Ball
1-1: SINGLE (Groundball, 56D, EV 106.2 MPH)
Batting: LHB Bill Ware 0-0: Called Strike
0-1: Ball
1-1: Called Strike
1-2: Foul Ball, location: 2F
1-2: Strikes out swinging
Batting: RHB Santiago Harmon 0-0: Called Strike
0-1: SINGLE (Line Drive, 9LS, EV 86.9 MPH)
Frank Mallam to second
Runner from 2nd tries for 3rd, SAFE, no throw by RF
Batting: LHB Pedro Ortíz 0-0: Ball
1-0: Fly out, F6 (Popup, 6S, EV 67.5 MPH)
Bottom of the 7th over - 0 runs, 2 hits, 0 errors, 2 left on base; Maine 0 - Germantown 1
TOP OF THE 8TH
Maine Sea Dogs batting - Pitching for Germantown Uruguayans : RHP Jung-kyoo So
Batting: RHB Javier Carrodeguas 0-0: Ball
1-0: Ball
2-0: Fly out, F9 (Flyball, 9S, EV 81.9 MPH)
Batting: RHB José Arizandieta 0-0: Ground out 5-3 (Groundball, 5L, EV 83.1 MPH)
Batting: LHB Bill Fisher 0-0: Swinging Strike
0-1: Ball
1-1: Called Strike
1-2: Foul Ball, location: 2F
1-2: SINGLE (Groundball, 56D, EV 97.5 MPH)
Batting: RHB Yong-oon P'i 0-0: Called Strike
0-1: Ball
1-1: Swinging Strike
1-2: Foul Ball, location: 2F
1-2: Hit by Pitch
Bill Fisher to second
Batting: SHB Cristóbal Calzacorta 0-0: Ball
1-0: Foul Ball, location: 2F
1-1: Foul Ball, location: 2F
1-2: Ball
Wild Pitch!
Bill Fisher to third
Yong-oon P'i to second
2-2: Ball
3-2: Fly out, F7 (Flyball, 7LSF, EV 85.6 MPH)
Top of the 8th over - 0 runs, 1 hit, 0 errors, 2 left on base; Maine 0 - Germantown 1
BOTTOM OF THE 8TH
Germantown Uruguayans batting - Pitching for Maine Sea Dogs : LHP Pabiyan Ajiganoff
Batting: RHB Halewijn Kraan 0-0: Ball
1-0: Ball
2-0: Fly out, F7 (Flyball, 7D, EV 103.1 MPH)
Batting: RHB Job Wooddisse 0-0: Ball
1-0: Ground out 6-3 (Groundball, 6, EV 81.9 MPH)
Batting: LHB Enreecko-Edilberto Bibilone 0-0: Foul Ball, location: 2F
0-1: Swinging Strike
0-2: Ball
1-2: Foul Ball, location: 2F
1-2: Ball
2-2: Strikes out swinging
Bottom of the 8th over - 0 runs, 0 hits, 0 errors, 0 left on base; Maine 0 - Germantown 1
TOP OF THE 9TH
Maine Sea Dogs batting - Pitching for Germantown Uruguayans : RHP Jung-kyoo So
Pitching: LHP Ron Lloyd
Now in LF: Yermolay Begunov
Pinch Hitting: RHB Phil Hogan 0-0: Called Strike
0-1: SINGLE (Groundball, 56D, EV 98.1 MPH)
Batting: RHB Joe Fuller 0-0: Ball
1-0: Foul Ball, location: 2F
1-1: Ball
2-1: Foul Ball, location: 2F
2-2: Fly out, F7 (Flyball, 7LM, EV 95.6 MPH)
Pinch Hitting: RHB Michael Weber 0-0: Swinging Strike
0-1: Fielders Choice at 2nd, 1-4 (Groundball, P, EV 64.4 MPH)
Batting: RHB Rutger McGroarty 0-0: Called Strike
0-1: Swinging Strike
0-2: Strikes out looking
Top of the 9th over - 0 runs, 1 hit, 0 errors, 1 left on base; Maine 0 - Germantown 1
Friday, March 26th, 2021 - OOTP Baseball 20.8 Build 74